 Dungeon Crawl Stone Soup version 0.24-a0-520-g8fd06ad0bc (webtiles) character file.

Game seed: 14623955663638688452

9 Iscandelvey the Vexing (level 2, 21/21 HPs)
             Began as a Demonspawn Arcane Marksman on July 25, 2019.
             Quit the game on level 1 of the Dungeon.
             The game lasted 00:00:20 (422 turns).

Iscandelvey the Vexing (Demonspawn Arcane Marksman)  Turns: 422, Time: 00:00:21

Health: 21/21      AC:  2    Str: 10    XL:     2   Next: 3%
Magic:  3/3        EV: 12    Int: 14    God:
Gold:   22         SH:  0    Dex: 13    Spells: 2/3 levels left

rFire    . . .     SeeInvis .   a - +0 hunting sling
rCold    . . .     Gourm    .   (no shield)
rNeg     . . .     Faith    .   e - +0 robe
rPois    .         Spirit   .   (no helmet)
rElec    .         Reflect  .   (no cloak)
rCorr    .         Harm     .   (no gloves)
MR       .....                  (no boots)
Stlth    +.........             (no amulet)
HPRegen  0.07/turn              (no ring)
MPRegen  0.08/turn              (no ring)

@: no status effects
A: spiny 1
a: no special abilities


You were on level 1 of the Dungeon.
You were not hungry.

You visited 1 branch of the dungeon, and saw 1 of its levels.

You collected 22 gold pieces.

Inventory:

Hand Weapons
 a - a +0 hunting sling (weapon)
Missiles
 d - 15 sling bullets (quivered)
 h - 75 stones
Armour
 e - a +0 robe (worn)
Jewellery
 l - an uncursed ring of fire {unknown}
Scrolls
 b - 2 scrolls of immolation {unknown}
 c - a scroll of teleportation {unknown}
 g - a scroll of fear {unknown}
 j - a scroll of enchant weapon {unknown}
 k - a scroll of noise {unknown}
 m - a scroll of fog {unknown}
Potions
 i - a potion of flight {unknown}
Comestibles
 f - 3 rations


   Skills:
 + Level 1.1 Fighting
 + Level 2.2 Slings
 + Level 1.8 Dodging
 + Level 1.0 Spellcasting
 + Level 3.1 Hexes


You had 2 spell levels left.
You knew the following spells:

 Your Spells              Type           Power        Failure   Level  Hunger
a - Corona                Hex            #......      8%          1    ##.....

Your spell library contained the following spells:

 Spells                   Type           Power        Failure   Level  Hunger
 Slow                     Hex            #.......     11%         2    ###....
 Inner Flame              Hex/Fire       #.......     38%         3    ####...
 Portal Projectile        Hex/Tloc       #.....       38%         3    ####...
 Cause Fear               Hex            #.........   58%         4    #####..
 Leda's Liquefaction      Hex/Erth       #.........   80%         4    #####..


Dungeon Overview and Level Annotations

Branches:
Dungeon (1/15)

Altars:


Innate Abilities, Weirdness & Mutations

You are partially covered in sharp spines.


Message History

d - 15 sling bullets (gained 2)
l - a twisted bone ring No target in view!
A bat comes into view.
Firing (i - inventory. (/) - cycle)
d - 15 sling bullets (quivered)
Press: ? - help, Shift-Dir - straight line, f - bat
Aim: a bat You shoot a sling bullet.
The sling bullet misses the bat.
A bat is nearby!
Firing (i - inventory. (/) - cycle)
d - 14 sling bullets (quivered)
Press: ? - help, Shift-Dir - straight line, f/p - bat
Aim: a bat You shoot a sling bullet.
The sling bullet hits the bat.
You kill the bat!
d - 14 sling bullets (gained 1)
f - 3 rations (gained 1)
d - 15 sling bullets (gained 1)
You see here a frilled lizard corpse.
m - a scroll labeled CIETOQ RORADD Are you sure you want to abandon this character and quit the game? (Confirm with "yes".)

..####.............. #.....
#...##.)...>.......#.
######.##.
###..#.............#.
#......##. #
##..........#.##.#(###.########
# #.......##...##.#...#.# #
#...###.......(..#.....# #
#...# ##.####......#..(# #...#
.# ##..†##.###.# #..?# .#
#..@....###.##### ###.# .#
#...#..>........### #.#
#.#....#####.##...#
#....##..#..........#
#...###..#........... ...$#
#.............# ...#
#.##..........# #...
#....)........# ..
####..........#


There were no monsters in sight!

Vanquished Creatures
  2 bats (D:1)
  2 goblins (D:1)
  3 frilled lizards (D:1)
  A kobold (D:1)
  3 rats (D:1)
11 creatures vanquished.

Notes
Turn   | Place    | Note
-------+----------+-------------------------------------------
     0 | D:1      | Iscandelvey the Demonspawn Arcane Marksman began the quest
                  | for the Orb.
     0 | D:1      | Reached XP level 1. HP: 15/15 MP: 2/2
   388 | D:1      | Gained mutation: You are partially covered in sharp spines.
                  | [demonic ancestry]
   388 | D:1      | Reached XP level 2. HP: 21/21 MP: 3/3
   422 | D:1      | Quit the game

Levels and vault maps discovered:
D:1:      minmay_arrival_widening_spiral_wide, layout_rooms

Skill      XL: |  1 |
---------------+----+-----
Slings         | 2 |  2.2
Fighting       | |  1.1
Dodging        | |  1.8
Spellcasting   | |  1.0
Hexes          | |  3.1

Action                   || total
-------------------------++-------
 Fire: Hunting sling     ||    34
Armor: Robe              ||     4
Dodge: Dodged            ||     6

Table legend:
 A = Non-vault XP
 B = Vault XP
 C = Vault XP percentage of total XP
 D = Non-vault monster count
 E = Vault monster count
 F = Vault count percentage of total count
                 A         B        C        D         E       F
            +---------+---------+-------+---------+---------+-------
      Total |      13 |       0 |   0.0 |      11 |       0 |   0.0
            +---------+---------+-------+---------+---------+-------
        D:1 |      13 |       0 |   0.0 |      11 |       0 |   0.0
            +---------+---------+-------+---------+---------+-------
